Map: Goldenaura LE

Players

SubN

  • Race: Zerg Zerg
  • League: Diamond
  • Spawn Location: 5:00

Syilon - Winner!

  • Race: Protoss Protoss
  • League: Diamond
  • Spawn Location: 12:00

VOD

Have the link to the VOD?

Description

Time

  • Played on: Nov. 19, 2023, 2:58 p.m.
  • Length: 21:11
Show
View Real Time Build Order
Export as new Build Order

SubN Zerg 

Build Orders: Hatch First, Lurkers 

Get SALT Encoding   

  12  0:00  Drone  
  13  0:12  Overlord  
  13  0:18  Drone  
  14  0:30  Drone x2  
  16  0:49  Hatchery  
  15  0:54  Drone  
  15  0:55  Drone  
  17  1:02  Drone  
  18  1:05  Extractor  
  17  1:19  Spawning Pool  
  17  1:20  Drone  
  17  1:23  Drone  
  18  1:29  Drone  
  19  1:38  Drone  
  20  1:49  Drone  
  21  2:00  Overlord  
  21  2:08  Queen  
  21  2:09  Queen  
  21  2:15  Zergling x4  
  26  2:21  Drone  
  26  2:22  Drone  
  29  2:24  Metabolic Boost  
  29  2:28  Drone  
  30  2:40  Drone x2  
  32  2:49  Queen  
  32  2:50  Queen  
  36  3:05  Hatchery  
  35  3:11  Overlord  
  35  3:16  Overlord  
  35  3:21  Drone  
  36  3:32  Drone x6  
  42  3:36  Queen  
  44  3:43  Queen  
  46  3:57  Drone x4  
  46  3:58  Drone x2  
  52  4:09  Overlord  
  52  4:12  Overlord  
  52  4:14  Overlord  
  52  4:16  Overlord  
  52  4:19  Queen  
  54  4:25  Lair  
  54  4:27  Drone x2  
  56  4:37  Drone x6  
  56  4:38  Drone  
  63  4:42  Drone x3  
  63  4:44  Drone  
  67  4:47  Extractor  
  67  4:48  Extractor  
  67  4:50  Extractor  
  64  4:53  Overlord  
  64  4:54  Overlord  
  64  5:05  Evolution Chamber  
  64  5:06  Evolution Chamber  
  62  5:09  Drone x4  
  66  5:36  Drone  
  66  5:37  Hydralisk Den  
  66  5:38  Overseer  
  66  5:48  Overlord x2  
  66  5:50  Overseer  
  66  5:56  Overlord  
  66  5:59  Drone x16  
  82  6:13  Drone  
  82  6:14  Hatchery  
  82  6:15  Zerg Missile Weapons Level 1, Infestation Pit  
  82  6:16  Grooved Spines  
  81  6:20  Zerg Melee Weapons Level 1  
  81  6:23  Drone, Baneling Nest  
  81  6:26  Extractor  
  81  6:28  Extractor  
  81  6:30  Spore Crawler  
  78  6:45  Overseer  
  76  6:56  Overseer, Spore Crawler  
  75  7:07  Muscular Augments  
  75  7:08  Drone x4  
  79  7:10  Overlord x2  
  79  7:13  Centrifugal Hooks  
  79  7:15  Drone, Queen  
  80  7:18  Hatchery  
  80  7:21  Overlord x2  
  81  7:24  Hydralisk  
  81  7:25  Hydralisk x14  
  111  7:37  Zergling x2  
  111  7:38  Zergling x12  
  118  7:50  Overseer  
  118  7:51  Hydralisk x8  
  118  7:56  Queen  
  118  7:57  Overlord  
  118  7:58  Overlord x2  
  136  8:15  Overlord x3  
  136  8:20  Zerg Missile Weapons Level 2  
  132  8:44  Hydralisk  
  132  8:45  Hydralisk x16  
  139  9:07  Hydralisk  
  139  9:08  Hydralisk x6  
  125  9:22  Zergling x2  
  125  9:23  Zergling x20  
  124  9:38  Zergling x26  
  126  9:39  Zergling x4  
  126  9:43  Zerg Melee Weapons Level 2  
  137  9:59  Zergling x2  
  138  10:00  Zergling x18  
  118  10:40  Lurker Den  
  118  10:41  Zergling x18  
  118  10:42  Zergling x8  
  130  10:46  Drone x13  
  130  10:47  Drone x2  
  130  10:49  Extractor  
  144  10:50  Extractor  
  143  10:57  Roach Warren, Zerg Ground Armor Level 1  
  143  11:00  Hive  
  143  11:02  Hatchery  
  143  11:04  Overseer x2  
  137  11:36  Drone x4  
  137  11:37  Drone x2  
  137  11:38  Drone  
  137  11:39  Drone x3  
  147  11:41  Drone  
  147  11:43  Hydralisk x2  
  147  11:44  Hydralisk x22  
  179  12:22  Hydralisk  
  132  12:23  Hydralisk x19  
  132  12:25  Zergling x2  
  132  12:26  Zergling x2  
  144  12:34  Glial Reconstitution  
  144  12:35  Queen  
  140  12:37  Roach  
  140  12:38  Roach x4  
  148  12:51  Hydralisk  
  148  12:52  Hydralisk x4  
  120  13:17  Zergling x4  
  120  13:18  Zergling x8  
  122  13:25  Zerg Missile Weapons Level 3  
  122  13:26  Hydralisk, Zerg Melee Weapons Level 3  
  122  13:27  Hydralisk x10  
  122  13:30  Lurker x4  
  122  13:31  Hydralisk  
  122  13:32  Hydralisk  
  150  13:42  Seismic Spines  
  149  14:01  Lurker  
  149  14:02  Lurker x3  
  151  14:03  Overseer  
  151  14:04  Overseer  
  150  14:18  Hatchery, Extractor  
  150  14:22  Extractor  
  150  14:23  Spire  
  146  14:24  Overlord x3  
  146  14:26  Viper  
  146  14:31  Zergling x26  
  150  14:32  Zergling x24  
  174  14:39  Adaptive Talons  
  174  14:40  Zergling x2  
  174  14:41  Zergling x2  
  174  14:42  Overlord x3  
  176  14:53  Zergling x2  
  176  14:56  Hydralisk x3  
  176  14:57  Hydralisk x3  
  188  15:10  Viper x3  
  174  15:33  Drone x19  
  191  15:35  Zerg Flyer Weapons Level 1  
  188  15:48  Hydralisk x3  
  188  15:49  Hydralisk x3  
  138  16:20  Queen  
  138  16:25  Corruptor x7  
  141  16:26  Corruptor  
  141  16:27  Corruptor  
  141  16:28  Hydralisk  
  141  16:29  Hydralisk x2  
  161  16:47  Lurker x4  
  161  16:48  Lurker  
  161  16:50  Zergling x14  
  161  16:51  Zergling x10  
  177  17:01  Spine Crawler  
  176  17:09  Spine Crawler  
  172  17:20  Hatchery  
  144  17:31  Greater Spire  
  144  17:33  Corruptor x4  
  144  17:34  Corruptor x4  
  160  17:43  Hatchery  
  159  17:55  Zergling x4  
  159  17:56  Zergling x14  
  168  18:21  Corruptor  
  168  18:22  Corruptor x4  
  178  18:38  Corruptor  
  178  18:39  Corruptor x2  
  178  18:40  Corruptor  
  177  18:45  Brood Lord  
  179  18:49  Brood Lord  
  181  18:58  Extractor  
  181  19:00  Extractor  
  179  19:03  Queen  
  181  19:13  Hatchery  
  180  19:19  Brood Lord x3  
  180  19:20  Corruptor  
  188  19:31  Extractor  
  187  19:33  Zergling x2  
  188  19:44  Drone x2  
  188  19:45  Drone  
  191  19:55  Zergling x10  
  191  19:56  Zergling x8  
  200  20:01  Spore Crawler  
  200  20:02  Spine Crawler  
Show
View Real Time Build Order
Export as new Build Order

Syilon Protoss - Winner!

Build Orders: 1 Gate Expand, Zealot Archon, Dark Templar Rush 

Get SALT Encoding   

  12  0:01  Probe  
  13  0:13  Probe  
  14  0:20  Pylon  
  14  0:25  Probe  
  15  0:38  Probe  
  15  0:41  Gateway  
  16  0:50  Probe  
  17  1:02  Probe  
  18  1:09  Assimilator  
  18  1:14  Probe  
  19  1:27  Probe, Nexus  
  20  1:38  Assimilator  
  21  1:40  Probe  
  21  1:50  Pylon  
  21  1:52  Probe  
  22  2:04  Probe  
  23  2:12  Gateway  
  23  2:14  Cybernetics Core  
  23  2:22  Probe  
  24  2:34  Probe (Chrono Boost)  
  24  2:43  Probe (Chrono Boost)  
  25  2:46  Probe (Chrono Boost)  
  25  2:50  Stalker (Chrono Boost)  
  26  2:54  Shield Battery, Probe (Chrono Boost)  
  26  2:55  Probe (Chrono Boost)  
  30  3:00  Probe  
  30  3:01  Warp Gate  
  30  3:03  Probe  
  30  3:04  Stalker (Chrono Boost)  
  34  3:12  Probe  
  35  3:15  Probe  
  35  3:17  Twilight Council  
  36  3:24  Probe  
  37  3:27  Probe  
  38  3:37  Probe  
  38  3:40  Probe  
  40  3:49  Probe, Robotics Facility  
  40  3:52  Probe  
  42  3:55  Dark Shrine  
  46  4:03  Probe  
  46  4:04  Probe  
  44  4:15  Probe  
  45  4:18  Charge (Chrono Boost)  
  45  4:20  Nexus  
  45  4:21  Assimilator  
  45  4:23  Pylon  
  45  4:25  Assimilator  
  45  4:29  Pylon  
  45  4:42  Probe x2  
  47  4:54  Probe  
  47  4:55  Shield Battery, Probe  
  47  4:56  Zealot x2  
  53  5:06  Probe  
  53  5:07  Probe  
  55  5:16  Immortal (Chrono Boost)  
  55  5:19  Probe x2  
  61  5:26  Pylon  
  61  5:29  Pylon  
  61  5:31  Probe (Chrono Boost)  
  61  5:32  Pylon x2  
  61  5:34  Probe (Chrono Boost)  
  64  5:38  Probe (Chrono Boost), Stalker x2  
  70  5:43  Probe (Chrono Boost)  
  70  5:44  Probe (Chrono Boost)  
  70  5:48  Probe (Chrono Boost)  
  71  5:51  Blink (Chrono Boost)  
  71  5:58  Probe x2  
  71  5:59  Probe  
  71  6:01  Dark Templar  
  76  6:09  Assimilator  
  76  6:10  Gateway, Probe  
  76  6:11  Probe x2  
  79  6:12  Assimilator  
  79  6:13  Gateway  
  79  6:16  Gateway  
  79  6:18  Gateway  
  79  6:21  Forge  
  79  6:22  Probe  
  79  6:23  Forge, Probe x2  
  82  6:26  Templar Archives  
  82  6:31  Immortal (Chrono Boost)  
  86  6:39  Gateway  
  86  6:40  Gateway  
  86  6:41  Pylon  
  86  6:42  Probe x3  
  86  6:44  Pylon  
  87  6:48  Zealot x2  
  87  6:50  Protoss Ground Armor Level 1 (Chrono Boost), Protoss Ground Weapons Level 1 (Chrono Boost)  
  91  6:56  Psionic Storm  
  91  7:06  Observer (Chrono Boost)  
  92  7:14  High Templar x5  
  102  7:19  Archon  
  102  7:24  Zealot  
  104  7:30  Pylon  
  104  7:35  Shield Battery  
  104  7:37  Photon Cannon x2  
  104  7:40  Photon Cannon  
  104  7:43  Photon Cannon  
  104  7:45  Photon Cannon  
  104  7:50  Pylon  
  104  7:54  Pylon  
  104  7:55  Immortal  
  104  7:56  Pylon  
  104  7:58  Nexus  
  108  7:59  High Templar x4  
  108  8:01  Pylon, Zealot x2  
  108  8:02  Zealot x2  
  108  8:03  Archon x2  
  124  8:20  Photon Cannon x2  
  124  8:24  Shield Battery  
  124  8:29  Photon Cannon  
  123  8:34  Zealot x3  
  123  8:35  Zealot x4  
  115  9:07  Robotics Facility  
  115  9:09  Robotics Bay  
  103  9:11  Robotics Facility  
  103  9:16  Archon  
  101  9:19  Protoss Ground Weapons Level 2 (Chrono Boost)  
  84  9:27  Zealot x2  
  84  9:28  Zealot x6  
  84  9:29  Protoss Ground Armor Level 2 (Chrono Boost)  
  96  9:33  Gateway x2  
  96  9:37  Gateway  
  96  9:39  Gateway  
  96  9:43  Extended Thermal Lance (Chrono Boost)  
  96  9:48  High Templar x4  
  104  9:55  Colossus x2 (Chrono Boost)  
  104  9:56  Colossus (Chrono Boost)  
  121  10:14  Stalker x2  
  121  10:15  Stalker x2  
  125  10:22  Zealot x2  
  125  10:23  Zealot  
  129  10:38  Nexus  
  129  10:40  Pylon  
  129  10:44  Cybernetics Core  
  129  10:46  Cybernetics Core  
  129  10:51  Gateway  
  129  10:55  Colossus  
  129  10:56  Immortal  
  139  11:00  Observer  
  140  11:07  Zealot  
  140  11:08  Zealot x6  
  140  11:10  High Templar  
  156  11:11  High Templar  
  156  11:15  Archon  
  157  11:33  Nexus  
  157  11:35  Pylon  
  157  11:37  Pylon  
  157  11:39  Gravitic Boosters (Chrono Boost)  
  123  12:47  Zealot x7  
  123  12:48  Zealot x3  
  135  13:24  Observer x2, High Templar x6  
  135  13:25  High Templar x4  
  157  13:28  Archon x3  
  157  13:29  Archon x2  
  157  13:35  Probe x4  
  157  13:36  Shield Battery  
  157  13:41  Shield Battery  
  161  13:42  Shield Battery  
  161  13:45  Photon Cannon  
  161  13:47  Probe x2, Photon Cannon  
  161  13:48  Photon Cannon  
  163  13:51  Photon Cannon  
  163  13:54  Photon Cannon  
  163  13:55  Probe x2  
  164  13:57  Photon Cannon, Zealot x5  
  164  13:58  Zealot x4  
  164  13:59  Probe x2, Zealot  
  186  14:07  Probe x2  
  188  14:12  Assimilator  
  188  14:16  Assimilator  
  188  14:18  Pylon  
  188  14:23  Photon Cannon  
  188  14:25  Photon Cannon  
  188  14:34  Stargate  
  188  14:36  Stargate, Probe x2  
  190  14:40  Stargate  
  190  14:41  Protoss Ground Weapons Level 3 (Chrono Boost)  
  190  14:42  Stargate  
  190  14:43  Protoss Shields Level 1 (Chrono Boost)  
  190  14:53  Protoss Air Weapons Level 1 (Chrono Boost), Protoss Air Armor Level 1 (Chrono Boost)  
  190  15:09  Zealot x3  
  188  15:22  Probe x4  
  191  15:34  Probe x2  
  165  16:25  Pylon  
  165  16:48  Fleet Beacon  
  165  16:51  Pylon  
  165  16:52  Protoss Shields Level 2 (Chrono Boost)  
  165  16:53  Nexus  
  165  16:54  Pylon  
  165  16:57  Pylon  
  165  16:59  Assimilator  
  165  17:01  Assimilator  
  165  17:05  Pylon  
  165  17:09  Pylon  
  165  17:14  Protoss Ground Armor Level 3 (Chrono Boost)  
  143  17:32  Stalker x6  
  143  17:33  Stalker x4  
  163  17:39  Pylon  
  163  17:41  Pylon, Tempest x4  
  163  17:46  Photon Cannon x2  
  163  17:48  Photon Cannon  
  163  17:49  Photon Cannon  
  163  17:52  Pylon  
  183  17:59  Protoss Air Weapons Level 2 (Chrono Boost), Protoss Air Armor Level 2 (Chrono Boost)  
  183  18:16  Shield Battery  
  183  18:18  Shield Battery  
  184  18:20  Shield Battery  
  184  18:21  Observer x3 (Chrono Boost)  
  184  18:30  Zealot  
  184  18:31  Zealot x5  
  184  18:32  Zealot x4  
  192  18:42  Tempest  
  197  19:12  Photon Cannon  
  197  19:14  Photon Cannon  
  197  19:16  Photon Cannon  
  197  19:23  Photon Cannon  
  197  19:24  Photon Cannon  
  197  19:25  Photon Cannon  
  197  19:49  Nexus  
  197  19:52  Pylon  
  197  19:54  Pylon  
  197  19:57  Photon Cannon  
  197  20:00  Photon Cannon  
  197  20:06  Assimilator  
  197  20:10  Assimilator  
  186  20:33  Zealot x6  
  186  20:34  Zealot  
Tags
 
Add a new tag
Caveats
  • Supply blocks, unpowered buildings, or Contaminate may cause inaccurate times.
  • Supply counts are checked every 10 seconds.